 Dungeon Crawl Stone Soup version 0.22-a0-617-g6d95e9e (webtiles) character file.

849 Hebeh the Firebug (level 7, -6/36 HPs)
             Began as a Deep Elf Fire Elementalist on July 12, 2018.
             Was an Initiate of Vehumet.
             Mangled by a centaur (9 damage)
             ... on level 5 of the Dungeon.
             The game lasted 00:31:03 (5734 turns).

Hebeh the Firebug (Deep Elf Fire Elementalist)      Turns: 5734, Time: 00:31:04

Health: -6/36      AC:  4    Str:  5    XL:     7   Next: 69%
Magic:  16/18      EV: 13    Int: 22    God:    Vehumet [......]
Gold:   309        SH:  3    Dex: 15    Spells: 2/18 levels left

rFire    . . .     SeeInvis .   b - +0 hunting sling
rCold    . . .     Gourm    .   (no shield)
rNeg     . . .     Faith    .   g - +0 robe
rPois    +         Spirit   .   y - +0 helmet
rElec    .         Reflect  +   h - +0 cloak
rCorr    +         Harm     .   (no gloves)
MR       .....                  (no boots)
Stlth    ++........             k - +3 amulet of reflection
HPRegen  0.12/turn              z - ring of poison resistance
MPRegen  0.16/turn              u - ring of resist corrosion

@: no status effects
A: no striking features
a: Renounce Religion


You were on level 5 of the Dungeon.
You worshipped Vehumet.
Vehumet was noncommittal.
You were very hungry.

You visited 2 branches of the dungeon, and saw 6 of its levels.

You collected 309 gold pieces.

Inventory:

Hand Weapons
 a - a +2 whip of draining
 b - a +0 hunting sling (weapon)
 A - a +0 short sword
 B - a +2 mace of protection
Missiles
 j - 43 sling bullets (quivered)
 m - 104 stones
 q - 29 arrows
 t - 8 javelins
 E - 2 tomahawks
Armour
 g - a +0 robe (worn)
 h - a +0 cloak (worn)
 y - a +0 helmet (worn)
Jewellery
 e - an uncursed ring of protection from cold
 k - a +3 amulet of reflection (around neck)
 u - a ring of resist corrosion (right hand)
 z - a ring of poison resistance (left hand)
 G - a cursed amulet of inaccuracy {unknown}
Wands
 r - a wand of flame (38)
 H - a wand of paralysis (9)
Scrolls
 d - a scroll of identify
 f - 2 scrolls of remove curse
 l - a scroll of enchant weapon {unknown}
 n - 3 scrolls of enchant armour
 o - 3 scrolls of magic mapping {unknown}
 s - a scroll of teleportation {unknown}
 C - a scroll of blinking {unknown}
 F - a scroll of holy word {unknown}
 I - a scroll of brand weapon {unknown}
Potions
 i - a potion of flight
 p - a potion of agility
 v - a potion of resistance
 w - a potion of curing
 x - a potion of cancellation
 D - a potion of lignification {unknown}
Comestibles
 c - 7 rations


   Skills:
 - Level 2.4 Dodging
 - Level 2.4 Stealth
 + Level 6.0 Spellcasting
 * Level 6.1 Conjurations
 - Level 2.2 Hexes
 + Level 0.6 Transmutations
 * Level 6.2 Fire Magic


You had 2 spell levels left.
You knew the following spells:

 Your Spells              Type           Power        Failure   Level  Hunger
a - Flame Tongue          Conj/Fire      ####.        1%          1    None
b - Throw Flame           Conj/Fire      ####..       1%          2    None
c - Conjure Flame         Conj/Fire      ####....     2%          3    #......
d - Inner Flame           Hex/Fire       ####....     4%          3    #......
e - Fireball              Conj/Fire      ####......   21%         5    #####..
f - Sticks to Snakes      Tmut           #.......     11%         2    None

Your spell library contained the following spells:

 Spells                   Type           Power        Failure   Level  Hunger
 Sticky Flame             Conj/Fire      ####....     7%          4    ###....
 Spider Form              Tmut/Pois      #.........   24%         3    #......
 Blade Hands              Tmut           #.........   89%         5    #####..
 Ice Form                 Ice/Tmut       #.......     63%         4    ###....
 Beastly Appendage        Tmut           #.....       7%          1    None


Dungeon Overview and Level Annotations

Branches:
Dungeon (5/15)             Temple (1/1) D:4

Altars:
Ashenzari
Cheibriados
Dithmenos
Elyvilon
Fedhas
Hepliaklqana
Kikubaaqudgha
Makhleb
Qazlal
Ru
Sif Muna
Trog
Uskayaw
Vehumet
Wu Jian
Yredelemnul
Zin


Message History

The centaur shoots an arrow.
The arrow hits you.
* * * LOW HITPOINT WARNING * * *
Really attack while wielding your +0 hunting sling? [Y]es or [N]o only, please.
Really attack while wielding your +0 hunting sling? [Y]es or [N]o only, please.
Really attack while wielding your +0 hunting sling? [Y]es or [N]o only, please.
Really attack while wielding your +0 hunting sling?
Okay, then.
Casting: Flame Tongue (safe; 1% risk of failure)
Confirm with . or Enter, or press ? or * to list all spells.
Aiming: Flame Tongue (safe; 1% risk of failure)
Press: ? - help, Shift-Dir - straight line, f/p - centaur
Aim: a centaur, wielding a shortbow The flame tongue hits the centaur.
The centaur is moderately wounded.
The centaur unwields an uncursed shortbow.
The centaur hits you!
You die...

=..# #....#....# ##### ...#
#....##...# ...# #....# ...###
..... ...# #....# #....#
...... ...###....###....#
...c.. ...+..........)..+
......
...######.###....###......
#######...###....#........
......#....##...@#?.......
......#....##...c#........
......#..........(........
......#...................
......####..........######
###########.#+########.......#
### #......................#
..# #......................#
..#####..............[.......+


You could see a centaur.

Vanquished Creatures
  Grinder (D:3)
  An ice beast (D:5)
  An ogre (D:4)
  A phantom (D:4)
  A crimson imp (D:5)
  An orc priest (D:4)
  3 hounds
  An iguana (D:4)
  A worker ant (D:4)
  6 adders
  3 oozes
  An adder skeleton (D:4)
  2 worms
  2 dart slugs
  6 leopard geckos
  8 orcs
  2 bats (D:1)
  6 giant cockroaches
  11 goblins
  9 hobgoblins
  10 jackals
  8 kobolds
  A ball python (D:1)
  5 frilled lizards
  4 rats (D:2)
95 creatures vanquished.

Vanquished Creatures (others)
  A goblin (D:3)
  A bat (D:3)
2 creatures vanquished.

Grand Total: 97 creatures vanquished

Notes
Turn   | Place    | Note
-------+----------+-------------------------------------------
     0 | D:1      | Hebeh the Deep Elf Fire Elementalist began the quest for the Orb.
     0 | D:1      | Reached XP level 1. HP: 10/10 MP: 6/6
     3 | D:1      | Noticed an electric eel
     3 | D:1      | Noticed an electric eel
   114 | D:1      | Reached XP level 2. HP: 15/15 MP: 4/8
   706 | D:2      | Found a stormy altar of Qazlal.
   720 | D:2      | Reached XP level 3. HP: 19/19 MP: 8/10
   819 | D:2      | Learned a level 2 spell: Throw Flame
   823 | D:2      | Learned a level 3 spell: Conjure Flame
   827 | D:2      | Learned a level 3 spell: Inner Flame
  1698 | D:2      | Reached XP level 4. HP: 24/24 MP: 8/11
  1733 | D:2      | Found an ornate altar of the Wu Jian Council.
  1895 | D:3      | Noticed Grinder
  1897 | D:3      | Paralysed by Grinder for 6 turns
  2060 | D:3      | Paralysed by Grinder for 6 turns
  2173 | D:3      | Paralysed by Grinder for 2 turns
  2175 | D:3      | Killed Grinder
  2175 | D:3      | Reached XP level 5. HP: 28/28 MP: 3/14
  2175 | D:3      | Reached XP level 6. HP: 32/32 MP: 3/15
  2463 | D:3      | Found a white marble altar of Elyvilon.
  2504 | D:3      | Reached skill level 5 in Spellcasting
  2725 | D:3      | Found a hide-covered altar of Uskayaw.
  2727 | D:3      | Reached skill level 5 in Conjurations
  3151 | D:4      | Reached skill level 5 in Fire Magic
  3421 | D:4      | Reached skill level 1 in Hexes
  3536 | D:4      | Reached XP level 7. HP: 36/36 MP: 10/17
  3909 | D:4      | Found a staircase to the Ecumenical Temple.
  3924 | Temple   | Entered the Ecumenical Temple
  4182 | Temple   | Became a worshipper of Vehumet
  4776 | D:5      | Entered Level 5 of the Dungeon
  4897 | D:5      | Learned a level 5 spell: Fireball
  4900 | D:5      | Learned a level 2 spell: Sticks to Snakes
  5183 | D:5      | Found a snail-covered altar of Cheibriados.
  5734 | D:5      | Mangled by a centaur

Vault maps used:
D:1:      arrival_aquarium_b
D:2:      marbit_many_paths, grunt_qazlal_clouds
D:3:      nicolae_overflow_crystal_walls, elyvilon_altar_4, uniq_grinder
D:4:      wad_crossroads, minmay_temple_entry_large_hall, item_on_display_a
D:5:      first_ration, minivault_11, kennysheep_slug_shrine
Temple:   minmay_temple_curvy_branch

Skill      XL: |  1  2  3  4  5  6  7 |
---------------+----------------------+-----
Conjurations   | 2 3 4 5 6 |  6.1
Spellcasting   | 4 5 6 |  6.0
Fire Magic     | 4 5 6 |  6.2
Hexes          | 1 2 |  2.2
Dodging        | |  2.4
Stealth        | |  2.4
Transmutations | |  0.6

Action                   |  1- 3 |  4- 6 |  7- 9 || total
-------------------------+-------+-------+-------++-------
Melee: Short sword       |     2 |       |       ||     2
       Whip              |       |       |     3 ||     3
 Fire: Hunting sling     |       |     8 |     3 ||    11
Throw: Stone             |    15 |       |       ||    15
       Javelin           |       |       |     6 ||     6
 Cast: Flame Tongue      |    47 |    51 |    35 ||   133
       Throw Flame       |    18 |    40 |     9 ||    67
       Conjure Flame     |       |     1 |     3 ||     4
       Sticks to Snakes  |       |       |     2 ||     2
  Use: Scroll            |     3 |     6 |       ||     9
  Eat: Chunk             |     3 |     2 |     2 ||     7
       Ration            |       |     1 |     1 ||     2
Armor: Robe              |     2 |     6 |     3 ||    11
Dodge: Dodged            |    17 |     8 |     6 ||    31
Block: Other             |       |     1 |     3 ||     4
       Reflection        |       |     1 |       ||     1

Table legend:
 A = Spawn XP
 B = Non-spawn XP
 C = Spawn XP percentage of total XP
 D = Spawn monster count
 E = Non-spawn monster count
 F = Spawn count percentage of total count
 G = Total turns spent on level
                    A         B        C        D         E        F      G
               +---------+---------+-------+---------+---------+-------+---------
         Total |       0 |    1213 |   0.0 |       0 |      95 |   0.0 |  5734
               +---------+---------+-------+---------+---------+-------+---------
           D:1 |       0 |      39 |   0.0 |       0 |      19 |   0.0 |   585
           D:2 |       0 |      58 |   0.0 |       0 |      20 |   0.0 |  1521
           D:3 |       0 |     398 |   0.0 |       0 |      27 |   0.0 |   965
           D:4 |       0 |     514 |   0.0 |       0 |      25 |   0.0 |  1436
           D:5 |       0 |     204 |   0.0 |       0 |       4 |   0.0 |   958
               +---------+---------+-------+---------+---------+-------+---------
